 Dungeon Crawl Stone Soup version 0.31.0-11-ge490571c62 (webtiles) character file.

Game seed: 9650654495778085834

114 PaiMei the Grave Robber (level 4, -10/32 HPs)
             Began as a Demonspawn Necromancer on Feb 5, 2024.
             Mangled by an ogre
             ... wielding a +0 giant club
              (22 damage)
             ... on level 4 of the Dungeon.
             The game lasted 00:04:00 (3102 turns).

PaiMei the Grave Robber (Demonspawn Necromancer)    Turns: 3102, Time: 00:04:01

Health: -10/32     AC:  2    Str:  9    XL:     4   Next: 66%
Magic:  1/8        EV: 12    Int: 17    God:
Gold:   206        SH:  0    Dex: 13    Spells: 7/8 levels left

rFire   . . .        f - +0 dagger
rCold   . . .        (no shield)
rNeg    . . .        a - +0 robe
rPois   .            (helmet restricted)
rElec   .            (no cloak)
rCorr   .            (no gloves)
SInv    .            (no boots)
Will    .....        (no amulet)
Stlth   ++           (no ring)
HPRegen 0.25/turn    (no ring)
MPRegen 0.22/turn

%: no passive effects
@: no status effects
A: antennae 2, magic regeneration
a: no special abilities


You were on level 4 of the Dungeon.
You visited 1 branch of the dungeon, and saw 4 of its levels.

You collected 206 gold pieces.

Inventory:

Hand Weapons
 f - a +0 dagger (weapon)
Armour
 a - a +0 robe (worn)
Magical Staves
 q - a staff of death
Jewellery
 h - an amulet of regeneration
Scrolls
 c - 2 scrolls of identify {unknown}
 g - 2 scrolls of blinking {unknown}
 j - a scroll of fear {unknown}
 k - a scroll of noise {unknown}
 m - a scroll of teleportation {unknown}
 n - a scroll of immolation {unknown}
 o - 2 scrolls of amnesia {unknown}
 p - a scroll of revelation {unknown}
Potions
 b - a potion of magic
 d - a potion of mutation {unknown}
 e - a potion of lignification {unknown}
 i - a potion of enlightenment {unknown}
 l - a potion of curing {unknown}


   Skills:
 + Level 1.3 Fighting
 + Level 2.6 Dodging
 - Level 2.2 Stealth
 + Level 2.8 Spellcasting
 + Level 5.1 Necromancy


You had 7 spell levels left.
You knew the following spells:

 Your Spells              Type           Power      Damage    Failure   Level
a - Necrotise             Necr           76%        1d7       2%          1

Your spell library contained the following spells:

 Spells                   Type           Power      Damage    Failure   Level
 Vampiric Draining        Necr           19%        2d7       6%          3
 Magic Dart               Conj           8%         1d3       19%         1
 Sting                    Conj/Alch      8%         1d3       19%         1
 Animate Dead             Necr           19%        N/A       22%         4
 Blink                    Tloc           4%         N/A       26%         2
 Call Imp                 Summ           4%         N/A       26%         2
 Mercury Vapours          Alch/Air       4%         N/A       26%         2
 Curse of Agony           Necr           19%        N/A       52%         5
 Olgreb's Toxic Radiance  Alch           2%         N/A       87%         4


Dungeon Overview and Level Annotations

Branches:
Dungeon (4/15)
 Temple: D:4-7

Altars:


Innate Abilities, Weirdness & Mutations

You have a pair of antennae on your head.
You regenerate magic rapidly.


Message History

The ogre barely resists.
Casting: Necrotise (safe; 2% risk of failure)
Confirm with . or Enter, or press ? or * to list all spells.
You don't know that spell.
Casting: Necrotise (safe; 2% risk of failure)
Confirm with . or Enter, or press ? or * to list all spells.
You don't know that spell.
Casting: Necrotise (safe; 2% risk of failure)
Confirm with . or Enter, or press ? or * to list all spells.
You don't know that spell.
Casting: Necrotise (safe; 2% risk of failure)
Confirm with . or Enter, or press ? or * to list all spells.
Aiming: Necrotise (safe; 2% risk of failure)
Press: ? - help, Shift-Dir - straight line, f/p - ogre
Aim: an ogre, wielding a +0 giant club (moderately wounded, ally target, chance to affect: 78%)
The ogre writhes in agony.
The ogre hits you with a +0 giant club!!
Ouch! That really hurt!
Casting: Necrotise (safe; 2% risk of failure)
Confirm with . or Enter, or press ? or * to list all spells.
Aiming: Necrotise (safe; 2% risk of failure)
Press: ? - help, Shift-Dir - straight line, f/p - ogre
Aim: an ogre, wielding a +0 giant club (moderately wounded, ally target, chance to affect: 78%)
The ogre writhes in agony.
The ogre misses you.
Casting: Necrotise (safe; 2% risk of failure)
Confirm with . or Enter, or press ? or * to list all spells.
Aiming: Necrotise (safe; 2% risk of failure)
Press: ? - help, Shift-Dir - straight line, f/p - ogre
Aim: an ogre, wielding a +0 giant club (moderately wounded, ally target, chance to affect: 78%)
The ogre barely resists.
Your kobold skeleton hits the ogre but does no damage.
Casting: Necrotise (safe; 2% risk of failure)
Confirm with . or Enter, or press ? or * to list all spells.
Aiming: Necrotise (safe; 2% risk of failure)
Press: ? - help, Shift-Dir - straight line, f/p - ogre
Aim: an ogre, wielding a +0 giant club (moderately wounded, ally target, chance to affect: 78%)
The ogre writhes in agony.
The ogre hits you with a +0 giant club!!
Ouch! That really hurt!
You die...

#. ....##.##..#
... ....:.#...#
##.)#.........
...#........
#........#
#........# .##
#.#.ZO..#...#
..#....@......#
#.......<......#
##.......#.#####
##.##.##### # #.
.. ##. ..


You could see an ogre (ally target) and a friendly kobold skeleton.

Vanquished Creatures
  A hound (D:3)
  An adder (D:3)
  2 dart slugs
  A ribbon worm (D:3)
  An orc (D:3)
  9 bats
  6 endoplasms
  5 giant cockroaches
  4 goblins
  9 hobgoblins
  2 quokkas
  5 ball pythons
  5 frilled lizards
  5 kobolds
  5 rats
61 creatures vanquished.

Vanquished Creatures (collateral kills)
  A giant cockroach (D:1)
  A ball python (D:1)
  A rat (D:1)
3 creatures vanquished.

Grand Total: 64 creatures vanquished

Notes
Turn   | Place    | Note
-------+----------+-------------------------------------------
     0 | D:1      | PaiMei the Demonspawn Necromancer began the quest for the
                  | Orb.
     0 | D:1      | Reached XP level 1. HP: 13/13 MP: 3/3
   221 | D:1      | Gained mutation: You regenerate magic rapidly. [demonic
                  | ancestry]
   221 | D:1      | Reached XP level 2. HP: 19/19 MP: 0/5
   676 | D:1      | Gained mutation: You have a pair of small antennae on your
                  | head. [demonic ancestry]
   676 | D:1      | Reached XP level 3. HP: 24/24 MP: 1/6
  1897 | D:3      | Reached skill level 1 in Fighting
  1897 | D:3      | Reached skill level 5 in Necromancy
  1897 | D:3      | Gained mutation: You have a pair of antennae on your head.
                  | [demonic ancestry]
  1897 | D:3      | Reached XP level 4. HP: 12/32 MP: 0/8
  2719 | D:4      | Noticed a scorpion
  3092 | D:4      | Noticed an ogre
  3102 | D:4      | Mangled by an ogre

Illustrated notes

Levels and vault maps discovered:
D:1:      dpeg_arrival_round_b, layout_basic
D:2:      layout_basic, columned_hall_lemuel
D:3:      layout_basic
D:4:      layout_cave_pools, lemuel_tele_altar, kennysheep_generic_room_16

Skill      XL: |  1  2  3 |
---------------+----------+-----
Dodging        | 2 |  2.6
Stealth        | 2 |  2.2
Fighting       | 1 |  1.3
Necromancy     | 5 |  5.1
Spellcasting   | |  2.8

Action                     |  1- 3 |  4- 6 || total
---------------------------+-------+-------++-------
  Melee: Unarmed           |     2 |       ||     2
         Dagger            |    15 |       ||    15
   Cast: Necrotise         |    98 |    33 ||   131
 Armour: Robe              |    25 |    11 ||    36
  Dodge: Dodged            |    44 |     5 ||    49
